cohdb
Replays
Latest Replays
All Replays
Popular Replays
Top Player Replays
Match Explorer
How It Works
Community
CoH3 Stats
Reddit
Sign in to upload your games and track your stats! →
Sign in with Steam
Match 46720873
Unlisted
Match 46720873
Overview
Messages
Build Orders
End
Selects Airborne Battlegroup
Selects Heavy Machine Gun Paradrop
Heavy Machine Gun Paradrop
Construct Barracks
Riflemen Squad
Heavy Machine Gun Paradrop
Grenade Package
Heavy Machine Gun Paradrop
Air Support Center
Selects Paratrooper Squad Paradrop
Paratrooper Squad Paradrop
Paratrooper Squad Paradrop
Air Support Center
Selects Smoke Bombing Run
Selects Supply Drop
Supply Drop
Grasshopper Recon Run
P-47 Dive Bomb
Supply Drop
Construct Tank Depot
Paratrooper Squad Paradrop
P-47 Dive Bomb
Supply Drop
P-47 Strafing Run
M18 Hellcat Tank Destroyer
Grasshopper Recon Run
P-47 Dive Bomb
AVEAR_PL[IMPERIALIS_GAMING
WeakTendon
[lwr]Ram&Rom
油菜花
Be Frabjous
water
zoomy2
Hirys it's Irys
0
0
Comments
sign in to comment!
No comments posted yet!